 Dungeon Crawl Stone Soup version 0.29-a0-233-g1125b37a9b (webtiles) character file.

Game seed: 7350769681533748019

1270060 dolemite99 the Pulveriser (level 27, 189/197 HPs)
             Began as a Gnoll Earth Elementalist on Mar 1, 2022.
             Was an Elder of Hepliaklqana.
             Escaped with the Orb
             ... and 3 runes on Mar 2, 2022!
             The game lasted 04:11:27 (133818 turns).

dolemite99 the Pulveriser (GnEE)                  Turns: 133818, Time: 04:11:28

Health: 189/197    AC: 29    Str: 14    XL:     27
Magic:  55/55      EV: 27    Int: 40    God:    Hepliaklqana [****..]
Gold:   600        SH: 18    Dex: 21    Spells: 3/64 levels left

rFire   + + .      SeeInvis .   f - +9 broad axe of Zocheu {venom, rElec Str+3 Int+9 Stlth-}
rCold   + . .      Faith    .   U - +2 kite shield {AC+3}
rNeg    + . .      Spirit   .   V - +3 ring mail {rF+}
rPois   +          Reflect  .   o - +2 helmet of Limited Liability {rPois rF+ rCorr}
rElec   +          Harm     .   X - +2 cloak {Will+}
rCorr   +          Rampage  .   F - +0 pair of gloves of the Orb Guardian {MP+9 Str+3 Dex+4}
Will    +++..                   v - +2 pair of boots {Stlth+}
Stlth   +++.......              x - amulet of magic regeneration
HPRegen 0.42/turn               l - ring of Akhal {rElec rN+ EV+4 Int+5, =R}
MPRegen 0.74/turn               r - ring of protection from cold

@: studying Armour
A: reduced essence, fangs 1, strong nose, distributed training, clever 1
0: Orb of Zot
}: 3/15 runes: decaying, serpentine, silver
a: Renounce Religion, Recall Ancestor, Ancestor Identity, Transference, Idealise


You escaped.
You worshipped Hepliaklqana.
Hepliaklqana was greatly pleased with you.
You visited 10 branches of the dungeon, and saw 49 of its levels.
You also visited: Ossuary.

You collected 6777 gold pieces.
You spent 6177 gold pieces at shops.

Inventory:

Hand Weapons
 a - the +8 long sword of Defiance {vamp, rF++ rCorr}
   (You found it on level 12 of the Dungeon)

   It occasionally heals its wielder for a portion of the damage dealt when it
   wounds a living foe.
   rF:        It greatly protects you from fire.
   rCorr:     It protects you from acid and corrosion.
 b - a +8 fustibalus of flaming
 f - the +9 broad axe of Zocheu (weapon) {venom, rElec Str+3 Int+9 Stlth-}
   (You took it off a deep elf death mage on level 3 of the Elven Halls)

   It poisons the flesh of those it strikes.
   Str:       It affects your strength (+3).
   Int:       It affects your intelligence (+9).
   rElec:     It insulates you from electricity.
   Stlth:     It makes you less stealthy.
 R - the +8 mace of Oenomania {venom, rElec rPois rF++ Dex+4}
   (You found it on level 1 of the Lair of Beasts)

   It poisons the flesh of those it strikes.
   Dex:       It affects your dexterity (+4).
   rF:        It greatly protects you from fire.
   rElec:     It insulates you from electricity.
   rPois:     It protects you from poison.
Missiles
 H - 4 throwing nets
 J - 12 silver javelins
Armour
 o - the +2 helmet of Limited Liability (worn) {rPois rF+ rCorr}
   (You found it on level 7 of the Dungeon)

   rF:        It protects you from fire.
   rPois:     It protects you from poison.
   rCorr:     It protects you from acid and corrosion.
 v - a +2 pair of boots of stealth (worn)
 F - the +0 pair of gloves of the Orb Guardian (worn) {MP+9 Str+3 Dex+4}
   (You bought it in a shop on level 4 of the Depths)

   Str:       It affects your strength (+3).
   Dex:       It affects your dexterity (+4).
   MP:        It affects your magic capacity (+9).
 U - a +2 kite shield of protection (worn)
 V - a +3 ring mail of fire resistance (worn)
 X - a +2 cloak of willpower (worn)
Jewellery
 l - the ring of Akhal (left hand) {rElec rN+ EV+4 Int+5, =R}
   (You found it on level 6 of the Lair of Beasts)

   [ring of evasion]

   EV:        It affects your evasion (+4).
   Int:       It affects your intelligence (+5).
   rElec:     It insulates you from electricity.
   rN:        It protects you from negative energy.
 q - the ring "Kattesuf" {Fly rF+ Int+6}
   (You took it off a deep elf annihilator on level 3 of the Elven Halls)

   [ring of flight]

   Int:       It affects your intelligence (+6).
   rF:        It protects you from fire.
   Fly:       It grants you flight.
 r - a ring of protection from cold (right hand)
 x - an amulet of magic regeneration (around neck)
 y - a ring of see invisible
 P - a ring of resist corrosion
Wands
 d - a wand of paralysis (5)
 j - a wand of mindburst (18)
 k - a wand of charming (12)
 n - a wand of iceblast (6)
 B - a wand of digging (9)
 Q - a wand of polymorph (20)
Scrolls
 c - 23 scrolls of teleportation
 s - 3 scrolls of silence
 u - 6 scrolls of vulnerability
 A - 2 scrolls of fog
 C - 9 scrolls of fear
 E - a scroll of holy word
 W - 26 scrolls of identify {@r1}
 Z - 2 scrolls of amnesia
Potions
 g - 4 potions of mutation
 m - 4 potions of cancellation
 p - 5 potions of brilliance
 z - 23 potions of curing
 D - 14 potions of might
 I - 3 potions of berserk rage
 K - a potion of invisibility
 L - 3 potions of haste
 O - 2 potions of ambrosia
 S - 8 potions of flight
 T - a potion of resistance
 Y - 10 potions of heal wounds
Miscellaneous
 e - a condenser vane
 h - a lightning rod (4/4)
 t - a phantom mirror
 G - a phial of floods
 N - a box of beasts


   Skills:
 + Level 18.4 Fighting
 + Level 18.4 Short Blades
 + Level 18.4 Long Blades
 + Level 18.4 Axes
 + Level 18.4 Maces & Flails
 + Level 18.4 Polearms
 + Level 24.4 Staves
 + Level 18.4 Slings
 + Level 18.4 Bows
 + Level 18.4 Crossbows
 + Level 18.4 Throwing
 + Level 20.4 Armour
 + Level 18.9 Dodging
 + Level 18.8 Stealth
 + Level 18.4 Shields
 + Level 18.4 Unarmed Combat
 + Level 19.0 Spellcasting
 + Level 15.7 Conjurations
 + Level 15.7 Hexes
 + Level 15.7 Summonings
 + Level 15.7 Necromancy
 + Level 15.7 Translocations
 + Level 15.8 Transmutations
 + Level 15.7 Fire Magic
 + Level 15.7 Ice Magic
 + Level 15.7 Air Magic
 + Level 16.5 Earth Magic
 + Level 15.7 Poison Magic
 + Level 19.9 Invocations
 + Level 18.4 Evocations


You had 3 spell levels left.
You knew the following spells:

 Your Spells              Type           Power      Damage    Failure   Level
a - Freezing Cloud        Conj/Ice/Air   52%        6-21      1%          5
b - Spellforged Servitor  Conj/Summ      52%        N/A       1%          7
c - Borgnjor's Vile Clut  Necr/Erth      52%        N/A       1%          5
d - Malign Gateway        Summ/Tloc      52%        N/A       1%          7
e - Passage of Golubria   Tloc           100%       N/A       1%          4
f - Dispel Undead         Necr           100%       3d31      1%          4
g - Death Channel         Necr           52%        N/A       1%          6
h - Passwall              Tmut/Erth      88%        N/A       0%          2
i - Iron Shot             Conj/Erth      52%        9d10      1%          6
j - Silence               Hex/Air        52%        N/A       1%          5
k - Orb of Destruction    Conj           52%        9d13      1%          7
l - Swiftness             Air            100%       N/A       0%          3

Your spell library contained the following spells:

 Spells                   Type           Power      Damage    Failure   Level
 Apportation              Tloc           100%       N/A       0%          1
 Magic Dart               Conj           100%       1d8       0%          1
 Pain                     Necr           100%       1d9       0%          1
 Sandblast                Erth           100%       2d20      0%          1
 Slow                     Hex            100%       N/A       0%          1
 Corpse Rot               Necr/Air       100%       N/A       0%          2
 Ensorcelled Hibernation  Hex/Ice        100%       N/A       0%          2
 Poisonous Vapours        Pois/Air       100%       N/A       0%          2
 Searing Ray              Conj           100%       2d8       0%          2
 Confusing Touch          Hex            100%       N/A       0%          3
 Conjure Flame            Conj/Fire      100%       6-21      0%          3
 Dazzling Flash           Conj/Hex       100%       N/A       0%          3
 Gell's Gravitas          Tloc           100%       N/A       0%          3
 Ignite Poison            Fire/Tmut/Pois 100%       N/A       0%          3
 Lesser Beckoning         Tloc           100%       N/A       0%          3
 Mephitic Cloud           Conj/Pois/Air  100%       N/A       0%          3
 Portal Projectile        Hex/Tloc       100%       N/A       0%          3
 Stone Arrow              Conj/Erth      100%       3d13      0%          3
 Summon Guardian Golem    Hex/Summ       100%       N/A       0%          3
 Teleport Other           Tloc           100%       N/A       0%          3
 Tukima's Dance           Hex            100%       N/A       0%          3
 Vampiric Draining        Necr           100%       2d13      0%          3
 Anguish                  Hex/Necr       52%        N/A       1%          4
 Hailstorm                Conj/Ice       100%       3d20      1%          4
 Iskenderun's Mystic Bla  Conj/Tloc      100%       2d19      1%          4
 Leda's Liquefaction      Hex/Erth       52%        N/A       1%          4
 Petrify                  Tmut/Erth      100%       N/A       1%          4
 Sticky Flame             Conj/Fire      100%       2d11      1%          4
 Summon Lightning Spire   Summ/Air       100%       N/A       1%          4
 Agony                    Necr           100%       N/A       1%          5
 Alistair's Intoxication  Tmut/Pois      69%        N/A       1%          5
 Blade Hands              Tmut           52%        N/A       1%          5
 Excruciating Wounds      Necr           52%        N/A       1%          5
 Iskenderun's Battlesphe  Conj           100%       2d15      1%          5
 Metabolic Englaciation   Hex/Ice        52%        N/A       1%          5
 Summon Mana Viper        Hex/Summ       100%       N/A       1%          5
 Yara's Violent Unravell  Hex/Tmut       52%        3d20      1%          5
 Conjure Ball Lightning   Conj/Air       52%        3x3d18    1%          6
 Dispersal                Tloc           52%        N/A       1%          6
 Starburst                Conj/Fire      52%        6d14      1%          6
 Statue Form              Tmut/Erth      70%        N/A       1%          6
 Monstrous Menagerie      Summ           52%        N/A       1%          7
 Lehudib's Crystal Spear  Conj/Erth      52%        10d12     14%         8
 Borgnjor's Revivificati  Necr           52%        N/A       16%         8
 Discord                  Hex            52%        N/A       16%         8
 Disjunction              Tloc           52%        N/A       16%         8
 Necromutation            Tmut/Necr      52%        N/A       16%         8
 Death's Door             Necr           52%        N/A       94%         9


Dungeon Overview and Level Annotations

Branches:
Dungeon (15/15)            Temple (1/1) D:5            Lair (6/6) D:10
  Swamp (4/4) Lair:4        Snake (4/4) Lair:4        Slime (0/5) Lair:5
    Orc (2/2) D:11            Elf (3/3) Orc:2        Vaults (5/5) D:14
  Crypt (0/3) Vaults:2     Depths (4/4) D:15            Zot (5/5) Depths:4
Ossuary (visited)

Altars:
Ashenzari
Cheibriados
Dithmenos
Elyvilon
Fedhas
Gozag
Hepliaklqana
Kikubaaqudgha
Makhleb
Nemelex Xobeh
Okawaru
Qazlal
Ru
Sif Muna
Trog
Uskayaw
Vehumet
Wu Jian
Xom
Yredelemnul
Zin
The Shining One
Beogh

Shops:
D:4 *   D:14 ?***   Orc:1 ?!**   Orc:2 !?:(   Elf:1 (   Elf:2 ?   Elf:3 !:
Snake:1 =(*(   Snake:2 *   Depths:1 [=!   Depths:4 *[:*!

Portals:
Hell: Depths:1 Depths:2 Depths:3 Depths:4
Abyss: Depths:2 Depths:3 Depths:4
Pandemonium: Orc:2 Depths:2 Depths:3 Depths:4
Ziggurat: Depths:2

Annotations:
D:6 exclusion: upstairs
D:13 exclusion: 2 downstairs
Lair:5 exclusion: downstairs
Swamp:4 Roxanne
Snake:1 1 runed translucent door, AmazingEquinox's ghost, journeyman HOFi
Orc:1 2 transporters
Vaults:1 2 runed translucent doors, Getoffmy's ghost, veteran GrFi; Synox's ghost, legendary FoFi
Vaults:2 36 runed doors
Depths:2 exclusion: 2 statues
Depths:4 2 transporters, pokeman's ghost, adept DEWz


Innate Abilities, Weirdness & Mutations

Your life essence is reduced to manifest your ancestor. (-10% HP)
You have very sharp teeth.
Your uncanny sense of smell can sniff out nearby items.
Your experience applies equally to all skills.
Your mind is acute. (Int +2)


Message History

There is a stone staircase leading down here.
Casting: Spellforged Servitor (mildly dangerous; 1% risk of failure)
Confirm with . or Enter, or press ? or * to list all spells.
Aiming: Passwall (safe; 0% risk of failure)
Press: ? - help, Dir - move target A rock wall.
This square is covered in magical glow.
You begin to meditate on the wall.
You continue meditating on the rock. x3
You finish merging with the rock.
There is a stone staircase leading up here.
You climb upwards.
There is a stone staircase leading down, spattered with blood here.
There is an open door here.
There is a stone staircase leading up here.
You climb upwards.
There is a stone staircase leading down here.
Eadwine emerges from the mists of memory!
(D) Dungeon (T) Temple (L) Lair (S) Swamp (P) Snake Pit (M) Slime Pits (O) Orcish Mines (E) Elven Halls (V) Vaults (C) Crypt (U) Depths (H) Hell (Z) Zot
Where to? (Enter - D:2 @ (x,y), ? - help)
There is a glowing golden altar of the Shining One here.
There is an open door here.
There is a stone staircase leading up here.
You climb upwards.
There is a stone staircase leading down here.
There is an open door here.
A smoke demon comes into view.
Casting: Passwall (safe; 0% risk of failure)
Confirm with . or Enter, or press ? or * to list all spells.
Aiming: Passwall (safe; 0% risk of failure)
Press: ? - help, Dir - move target A rock wall.
This square is covered in magical glow.
You begin to meditate on the wall.
You continue meditating on the rock. x2
Magic restored.
You finish merging with the rock.
There is a staircase leading out of the dungeon here.
You have escaped!

..# #..#####.########.####.#
..###..#.................#.#
..##...#.#######'#######.#.#
..#....#.#.............#.#.#
..#....#.#.###########.#.#.#
.......#.#.#.........#.#.#.#
..##.#.#.#.#.#######.#.#.#.#
..#..#.#.#.#.#.....#.#.#.#.#
..#..#...#...#..@..#...#...#
.......#.#.#.#.....#.#.#.###
.....#.#.#.#.###.###.#.#.#
≈≈≈≈≈≈.#.#.#.........#.#.#
.≈.....#.#.###########.#.#
.≈...#.#.#...3.........#.#
...≈.#.#.#######'#######.#
.#...#.#.................#
.#..##.####.########.#####


There were no monsters in sight!

Vanquished Creatures
  A dread lich (Vaults:5)
  2 orbs of fire
  Frederick (Vaults:2)
  2 curse toes
  A profane servitor (Depths:4)
  A bone dragon (Zot:4)
  2 tentacled monstrosities
  Rupert (D:14)
  2 Orb Guardians
  A lich (Depths:2)
  A quicksilver dragon (Zot:1)
  A titan (Vaults:5)
  A deep elf master archer (Elf:3)
  2 sphinxes
  2 death cobs
  A thorn hunter (Swamp:4)
  4 tengu reavers
  A shadow dragon (Vaults:5)
  A draconian monk (Zot:3)
  Donald (Snake:3)
  2 storm dragons
  9 nagarajas
  4 vault wardens
  2 frost giants
  2 deep elf sorcerers
  A draconian knight (Zot:4)
  Aizul (Vaults:1)
  5 deep elf elementalists (Elf:3)
  3 draconian shifters
  Louise (Swamp:3)
  2 orc warlords
  8 ironbound preservers
  2 war gargoyles
  8 stone giants
  4 spriggan defenders
  A draconian annihilator (Zot:4)
  6 very ugly things
  4 ironbound thunderhulks
  3 vampire knights
  A green draconian (Zot:3)
  2 red draconians
  2 black draconians
  4 deep elf demonologists
  5 bunyips
  An eleionoma (Swamp:4)
  7 purple draconians
  An entropy weaver (shapeshifter) (Vaults:5)
  A white draconian (Zot:3)
  A minotaur (Elf:2)
  A yellow draconian (Zot:4)
  4 deep elf annihilators (Elf:3)
  An entropy weaver (Vaults:2)
  A blizzard demon (Depths:4)
  2 deep elf high priests
  4 ettins
  2 deep elf death magi (Elf:3)
  A shambling mangrove (Swamp:3)
  2 merfolk javelineers
  3 great orbs of eyes
  5 yaktaur captains
  4 fire dragons
  7 naga warriors
  A servant of whispers (Elf:1)
  5 ice dragons
  16 hydras
  3 rakshasas (Depths:1)
  4 boulder beetles
  4 salamander tyrants
  A peacekeeper (Vaults:2)
  9 vault guards (Vaults:5)
  A ghost crab (Swamp:3)
  A spriggan air mage (Depths:1)
  2 catoblepae
  4 ironbound frosthearts
  A merfolk avatar (Swamp:3)
  6 anacondas
  4 two-headed ogres
  2 alligators
  12 centaur warriors
  A deep troll shaman (Depths:3)
  5 orc high priests (Orc:2)
  8 death yaks
  4 hell hogs (Depths:3)
  2 vampire magi (Vaults:2)
  A deep troll earth mage (Depths:1)
  11 naga sharpshooters
  19 dancing weapons
  4 spriggan berserkers
  5 hell knights
  A tengu warrior (Depths:3)
  4 shock serpents
  A soul eater (Depths:1)
  A sun demon (Orc:2)
  22 deep elf knights
  A sixfirhy (Depths:2)
  3 iron trolls
  5 goliath frogs
  4 salamander mystics
  A flayed ghost (Depths:1)
  3 bog bodies
  5 swamp dragons
  21 deep trolls
  2 spriggan druids
  3 naga ritualists
  2 glowing orange brains
  8 wizards
  11 ironbound convokers
  7 orc knights
  19 deep elf pyromancers
  24 deep elf zephyrmancers
  2 phantasmal warriors
  A lindwurm (Vaults:1)
  13 deep elf archers
  An oklob plant (Lair:5)
  4 manticores
  4 necromancers
  23 ugly things
  2 orc sorcerers
  2 mana vipers
  14 slime creatures
  20 salamanders
  A will-o-the-wisp (Swamp:2)
  A cyclops (D:12)
  A frost giant zombie (Depths:2)
  A nameless horror (Depths:4)
  A moth of wrath (shapeshifter) (Depths:3)
  6 elephants
  4 moths of wrath
  23 black mambas
  9 naga magi
  2 smoke demons
  4 guardian serpents
  A frost giant skeleton (Depths:2)
  9 vault sentinels
  A kobold demonologist (D:7)
  8 cane toads
  2 hellions
  2 unseen horrors
  3 yaktaurs
  An orange demon (Depths:4)
  An efreet (D:10)
  6 komodo dragons
  2 tengu conjurers
  2 hellwings (Depths:4)
  A queen bee (shapeshifter) (Elf:1)
  A troll (D:11)
  4 polar bears
  2 bloated husks
  A polar bear (shapeshifter) (D:14)
  5 tyrant leeches
  13 hornets
  2 saltlings (Elf:1)
  5 dream sheep
  6 blink frogs
  A jumping spider (shapeshifter) (Vaults:4)
  A culicivora (Vaults:2)
  2 shadows
  3 wyverns
  16 spriggans
  A vampire (D:8)
  2 water elementals (Depths:2)
  5 humans (D:14)
  4 air elementals
  26 yaks
  A neqoxec (Depths:4)
  A basilisk (D:15)
  2 redbacks (Vaults:2)
  3 fire elementals
  A steam dragon (Lair:5)
  9 vampire mosquitoes
  A chaos spawn (Orc:2)
  2 wargs
  Menkaure (D:6)
  33 nagas
  12 swamp worms
  Edmund (D:6)
  2 acid dragons
  Duvessa (D:7)
  A floating eye (Depths:3)
  7 water moccasins
  14 orc warriors
  2 ice beasts (D:7)
  6 swamp drakes
  4 black bears
  3 boggarts (Vaults:1)
  3 ogres
  15 wolves
  4 centaurs
  2 lemures
  2 kobold brigands
  7 bullfrogs
  2 gnoll sergeants
  5 scorpions
  3 necrophages
  3 earth elementals
  8 wights
  Dowan (D:7)
  2 killer bees (shapeshifter)
  13 killer bees
  5 electric eels
  2 howler monkeys
  A crimson imp (Depths:4)
  2 hounds
  An iron imp (D:3)
  11 orc priests
  2 jellies
  2 iguanas
  Ijyb (D:5)
  2 hell rats
  17 orc wizards
  13 mummies (Ossuary)
  12 gnolls
  4 adders
  A shadow imp (D:6)
  A white imp (D:7)
  3 ufetubi
  A worm (D:3)
  2 dart slugs
  48 orcs
  8 bats
  9 endoplasms
  3 giant cockroaches
  7 goblins
  6 hobgoblins
  3 quokkas
  7 ball pythons
  4 frilled lizards (D:1)
  A gnoll skeleton (Ossuary)
  A goblin skeleton (Ossuary)
  17 kobolds
  2 kobold skeletons (Ossuary)
  4 orc skeletons (Ossuary)
  3 rats
  11 rat skeletons (Ossuary)
  A spectral orc (D:15)
1116 creatures vanquished.

Vanquished Creatures (collateral kills)
  3 dread liches
  4 ancient liches (Zot:5)
  7 orbs of fire
  A juggernaut (Zot:1)
  10 Killer Klowns
  2 pandemonium lords
  Margery (Vaults:4)
  Jory (Vaults:5)
  A bone dragon (Depths:4)
  7 golden dragons
  the Enchantress (Depths:1)
  2 Tzitzimimeh
  A hellephant (Depths:3)
  A Brimstone Fiend (Zot:1)
  Jorgrun (Snake:3)
  3 electric golems
  A lich (Vaults:3)
  13 tentacled monstrosities
  Mlioglotl (Snake:4)
  6 titans (Vaults:5)
  A walking frostbound tome (Depths:3)
  A deep elf master archer (Elf:3)
  2 deep elf blademasters (Elf:3)
  24 Orb Guardians
  3 death cobs
  4 eldritch tentacles
  4 tengu reavers (Vaults:5)
  8 shadow dragons
  2 sphinxes (Vaults:5)
  8 storm dragons
  4 draconian monks
  The ghost of pigah the Stormcaller, an adept OpAE of Ashenzari (Elf:2)
  3 nagarajas (Snake:4)
  2 demonspawn warmongers (Depths:4)
  7 fire giants
  11 draconian knights
  6 frost giants
  4 draconian scorchers
  An iron dragon (Depths:3)
  An orc warlord (Vaults:1)
  4 deep elf sorcerers
  2 ghouls (Swamp:4)
  A cacodemon (Depths:4)
  10 vault wardens
  7 draconian shifters
  2 deep elf elementalists (Elf:3)
  6 draconian stormcallers
  5 draconian annihilators
  3 ghost moths
  A spriggan defender (Depths:1)
  An angel (D:10)
  6 ironbound preservers
  A reaper (Depths:4)
  9 stone giants
  24 very ugly things
  6 ironbound thunderhulks
  3 deep elf demonologists (Elf:3)
  3 war gargoyles
  2 vampire knights
  13 green draconians
  5 deep elf annihilators
  3 spark wasps
  20 purple draconians
  The ghost of mcwallace the Fighter, a journeyman FoFE of Gozag (Lair:5)
  2 dire elephants
  7 black draconians
  14 red draconians
  3 yellow draconians
  A bunyip (Swamp:4)
  3 entropy weavers
  8 white draconians
  2 fire dragons
  6 deep elf death magi
  7 ettins
  A merfolk javelineer (Depths:2)
  6 yaktaur captains
  4 great orbs of eyes
  24 vault guards
  3 salamander tyrants
  6 naga warriors
  5 ice dragons
  2 peacekeepers
  4 spriggan air magi
  5 hydras
  6 centaur warriors
  A merfolk avatar (Swamp:3)
  2 demonspawn (Orc:2)
  2 catoblepae (Lair:6)
  2 ironbound frosthearts (Vaults:2)
  3 anacondas
  22 dancing weapons
  Erica (D:11)
  A two-headed ogre (D:7)
  6 deep troll shamans
  A death yak (Lair:3)
  6 hell hogs
  4 deep troll earth magi
  6 tengu warriors
  2 orc high priests (Orc:2)
  2 alligators
  4 naga sharpshooters
  2 hell knights
  2 spriggan berserkers
  4 sun demons
  Sonja (D:13)
  A soul eater (Zot:1)
  7 spriggans
  2 shock serpents
  An iron troll (Depths:3)
  4 deep elf knights
  2 sixfirhies
  A salamander mystic (Snake:2)
  A glowing orange brain (Depths:1)
  A goliath frog (Swamp:3)
  5 sea snakes (Snake:4)
  24 deep trolls
  3 wizards
  2 bog bodies (Swamp:4)
  2 swamp dragons (Swamp:4)
  A deep elf archer (Elf:1)
  3 naga ritualists (Snake:4)
  4 phantasmal warriors
  5 ironbound convokers
  9 deep elf pyromancers
  Pikel (D:7)
  An oklob plant (Lair:5)
  2 lindwurms (Vaults:1)
  A wolf spider (Vaults:5)
  5 orc knights
  11 deep elf zephyrmancers
  3 orc sorcerers (Orc:2)
  2 mana vipers
  20 ugly things
  2 manticores (D:14)
  11 salamanders
  2 battlemagi (Zot:4)
  A will-o-the-wisp (Swamp:3)
  25 moths of wrath
  7 elephants
  2 guardian serpents (Snake:4)
  13 black mambas
  Maurice (D:9)
  2 rust devils
  A water nymph (shapeshifter) (Vaults:5)
  A black mamba (shapeshifter) (Vaults:5)
  8 naga magi
  4 vault sentinels
  5 cane toads
  3 orange demons
  2 unseen horrors
  2 komodo dragons (Lair:6)
  2 nameless horrors
  A freezing wraith (Vaults:5)
  10 yaktaurs
  2 hellwings
  A spark wasp simulacrum (Depths:2)
  A tengu conjurer (Depths:3)
  3 red devils
  A spriggan skeleton (Depths:2)
  4 hornets
  3 trolls
  5 tyrant leeches
  A polar bear (Lair:5)
  21 slime creatures
  7 blink frogs
  10 dream sheep
  A dream sheep (shapeshifter) (Vaults:5)
  An air elemental (Elf:2)
  2 wraiths
  A ynoxinul (Depths:4)
  4 wyverns
  3 water elementals
  17 yaks
  Eustachio (D:6)
  3 redbacks
  2 basilisks (Lair:5)
  11 humans (D:14)
  4 vampire mosquitoes
  A chaos spawn (Orc:2)
  A redback simulacrum (D:15)
  14 nagas
  5 swamp worms
  A warg (Orc:2)
  10 water moccasins
  A human skeleton (Depths:2)
  3 swamp drakes
  18 orc warriors
  A black bear (D:8)
  An ogre (Orc:1)
  5 wolves
  A centaur (D:14)
  2 lemures (D:7)
  9 bullfrogs
  A kobold brigand (D:8)
  A necrophage (Swamp:4)
  A gnoll sergeant (D:8)
  An earth elemental (Elf:3)
  5 killer bees
  A hound (D:6)
  A jelly (D:5)
  10 orc priests
  11 orc wizards
  2 hell rats (Lair:6)
  11 gnolls
  27 orcs
  2 goblins (D:9)
  2 hobgoblins (D:9)
  7 kobolds
989 creatures vanquished.

Vanquished Creatures (others)
  56 eldritch tentacles
  A draconian scorcher (Zot:5)
  An ironbound frostheart (Vaults:1)
  A deep troll earth mage (Depths:4)
  2 deep elf knights (Elf:2)
  A deep elf pyromancer (Elf:2)
  A vault sentinel (Vaults:1)
  2 black mambas (Snake:4)
  A bloated husk (Swamp:3)
  A slime creature (Vaults:1)
  A boggart (Vaults:1)
  89 battlemagi
  5 ancestors
  8 foxfires
  38 fungi
  111 plants
319 creatures vanquished.

Grand Total: 2424 creatures vanquished

Notes
Turn   | Place    | Note
-------+----------+-------------------------------------------
     0 | D:1      | dolemite99 the Gnoll Earth Elementalist began the quest for
                  | the Orb.
     0 | D:1      | Reached XP level 1. HP: 13/13 MP: 6/6
   301 | D:1      | Reached XP level 2. HP: 19/19 MP: 5/7
  1070 | D:1      | Reached XP level 3. HP: 25/25 MP: 6/9
  1279 | D:2      | Reached skill level 5 in Spellcasting
  1344 | D:2      | Learned a level 3 spell: Stone Arrow
  1456 | D:2      | Found a faded altar of an unknown god.
  1465 | D:2      | Prayed at the altar of an unknown god.
  1465 | D:2      | Became a worshipper of the Shining One
  1465 | D:2      | Reached * piety under the Shining One
  1467 | D:2      | Reached skill level 1 in Invocations
  1752 | D:2      | Reached skill level 1 in Fighting
  1752 | D:2      | Reached skill level 1 in Short Blades
  1752 | D:2      | Reached skill level 1 in Long Blades
  1752 | D:2      | Reached skill level 1 in Axes
  1752 | D:2      | Reached skill level 1 in Maces & Flails
  1752 | D:2      | Reached skill level 1 in Polearms
  1752 | D:2      | Reached skill level 1 in Staves
  1752 | D:2      | Reached skill level 1 in Slings
  1752 | D:2      | Reached skill level 1 in Bows
  1752 | D:2      | Reached skill level 1 in Crossbows
  1752 | D:2      | Reached skill level 1 in Throwing
  1752 | D:2      | Reached skill level 1 in Armour
  1752 | D:2      | Reached skill level 1 in Shields
  1752 | D:2      | Reached skill level 1 in Unarmed Combat
  1752 | D:2      | Reached skill level 1 in Evocations
  2117 | D:3      | Reached XP level 4. HP: 32/32 MP: 8/11
  2313 | D:3      | Found a sacrificial altar of Ru.
  2499 | D:3      | Reached skill level 1 in Conjurations
  2499 | D:3      | Reached skill level 1 in Hexes
  2499 | D:3      | Reached skill level 1 in Summonings
  2499 | D:3      | Reached skill level 1 in Necromancy
  2499 | D:3      | Reached skill level 1 in Translocations
  2499 | D:3      | Reached skill level 1 in Fire Magic
  2499 | D:3      | Reached skill level 1 in Ice Magic
  2499 | D:3      | Reached skill level 1 in Air Magic
  2499 | D:3      | Reached skill level 1 in Poison Magic
  2524 | D:3      | Found a hazy altar of Hepliaklqana.
  2552 | D:3      | Learned a level 4 spell: Petrify
  2555 | D:3      | Learned a level 2 spell: Passwall
  2589 | D:3      | Fell from the grace of the Shining One
  2589 | D:3      | Became a worshipper of Hepliaklqana the Forgotten
  2627 | D:3      | You fall into a shaft and drop 3 floors!
  2649 | D:5      | Entered Level 5 of the Dungeon
  2650 | D:5      | Noticed Ijyb
  2652 | D:5      | Reached XP level 5. HP: 21/37 MP: 10/12
  3038 | D:6      | Noticed Menkaure
  3038 | D:6      | Noticed Edmund
  3107 | D:5      | Reached XP level 6. HP: 19/44 MP: 5/13
  3887 | D:4      | Reached skill level 5 in Dodging
  4012 | D:4      | Found a sand-covered staircase.
  4021 | Ossuary  | Entered an ossuary
  4047 | Ossuary  | Reached skill level 2 in Staves
  4681 | Ossuary  | Learned a level 1 spell: Sandblast
  5774 | Ossuary  | Reached XP level 7. HP: 50/50 MP: 5/15
  6412 | D:4      | Found Vudaymm's General Store.
  6420 | D:4      | Bought a scroll of teleportation for 36 gold pieces
  6420 | D:4      | Bought a potion of invisibility for 96 gold pieces
  6420 | D:4      | Bought a scroll of identify for 24 gold pieces
  7028 | D:3      | Found a snail-covered altar of Cheibriados.
  7376 | D:5      | Killed Ijyb
  7553 | D:5      | Reached * piety under Hepliaklqana
  7595 | D:5      | Reached skill level 5 in Stealth
  7881 | D:5      | Found a staircase to the Ecumenical Temple.
  7977 | Temple   | Entered the Ecumenical Temple
  8431 | D:6      | Reached XP level 8. HP: 51/51 MP: 9/16
  8488 | D:6      | Reached skill level 3 in Staves
  8577 | D:6      | Killed Edmund
  8577 | D:6      | Killed Menkaure
  8808 | D:6      | Noticed Eustachio
  8819 | D:6      | Killed Eustachio
  8998 | D:6      | Learned a level 3 spell: Teleport Other
  9457 | D:7      | Reached XP level 9. HP: 58/58 MP: 11/18
  9511 | D:7      | Noticed Duvessa
  9519 | D:7      | Killed Duvessa
  9523 | D:7      | Noticed Dowan
  9535 | D:7      | Identified the +2 war axe of Binoin {vamp, rElec rC+ Will-
                  | Str+3}
  9537 | D:7      | Killed Dowan
  9862 | D:7      | Reached skill level 4 in Staves
  9912 | D:7      | Found a transporter.
  9915 | D:7      | Noticed a two-headed ogre
  9918 | D:7      | Found a transporter.
  9918 | D:7      | Noticed a troll
 10033 | D:7      | Identified the ring "Fyvigog" {rPois rC- rN+ Will+}
 10402 | D:7      | Noticed a two-headed ogre
 10402 | D:7      | Noticed a kobold demonologist
 10408 | D:7      | Killed a kobold demonologist
 10412 | D:7      | Killed a two-headed ogre
 10413 | D:7      | Reached skill level 5 in Invocations
 10414 | D:7      | Noticed an unseen horror
 10421 | D:7      | Killed an unseen horror
 10427 | D:7      | Reached XP level 10. HP: 58/65 MP: 13/20
 10607 | D:7      | Reached skill level 5 in Staves
 10738 | D:7      | Found a shadowy altar of Dithmenos.
 10873 | D:7      | Identified the +2 helmet of Limited Liability {rPois rF+
                  | rCorr}
 10999 | D:7      | Reached skill level 5 in Fighting
 10999 | D:7      | Reached skill level 5 in Short Blades
 10999 | D:7      | Reached skill level 5 in Long Blades
 10999 | D:7      | Reached skill level 5 in Axes
 10999 | D:7      | Reached skill level 5 in Maces & Flails
 10999 | D:7      | Reached skill level 5 in Polearms
 10999 | D:7      | Reached skill level 5 in Slings
 10999 | D:7      | Reached skill level 5 in Bows
 10999 | D:7      | Reached skill level 5 in Crossbows
 10999 | D:7      | Reached skill level 5 in Throwing
 10999 | D:7      | Reached skill level 5 in Armour
 10999 | D:7      | Reached skill level 5 in Shields
 10999 | D:7      | Reached skill level 5 in Unarmed Combat
 10999 | D:7      | Reached skill level 5 in Evocations
 11143 | D:7      | Noticed Pikel
 12311 | D:8      | Reached ** piety under Hepliaklqana
 12312 | D:8      | Remembered your ancestor Eadwine as a battlemage
 12989 | D:8      | Reached skill level 5 in Transmutations
 12990 | D:8      | Identified the amulet of Relativism {Reflect -Tele rC+
                  | Str+9 SH+5 SInv}
 13312 | D:8      | Reached skill level 6 in Staves
 13810 | D:9      | Noticed Maurice
 13816 | D:9      | Killed Maurice
 13821 | D:9      | Noticed a two-headed ogre
 13826 | D:9      | Killed a two-headed ogre
 13914 | D:8      | Learned a level 4 spell: Sticky Flame
 14129 | D:9      | Reached XP level 11. HP: 72/72 MP: 19/22
 14374 | D:9      | Learned a level 3 spell: Ignite Poison
 14433 | D:9      | Found a flagged portal.
 15091 | D:9      | Identified the +6 falchion "Ziunlepn" {antimagic, rElec rN+
                  | Str+4 Int-4}
 15284 | D:10     | Entered Level 10 of the Dungeon
 15284 | D:10     | Reached *** piety under Hepliaklqana
 15341 | D:10     | Reached skill level 7 in Staves
 15341 | D:10     | Reached skill level 5 in Conjurations
 15341 | D:10     | Reached skill level 5 in Hexes
 15341 | D:10     | Reached skill level 5 in Summonings
 15341 | D:10     | Reached skill level 5 in Necromancy
 15341 | D:10     | Reached skill level 5 in Translocations
 15341 | D:10     | Reached skill level 5 in Fire Magic
 15341 | D:10     | Reached skill level 5 in Ice Magic
 15341 | D:10     | Reached skill level 5 in Air Magic
 15341 | D:10     | Reached skill level 5 in Poison Magic
 15754 | D:10     | Learned a level 3 spell: Lesser Beckoning
 15874 | D:10     | Found a staircase to the Lair.
 15924 | D:10     | Found a sparkling altar of Nemelex Xobeh.
 17281 | Lair:1   | Entered Level 1 of the Lair of Beasts
 17390 | Lair:1   | Reached **** piety under Hepliaklqana
 18432 | Lair:1   | Identified the +8 mace of Oenomania {venom, rElec rPois
                  | rF++ Dex+4}
 18868 | D:4      | Bought a scroll of enchant armour for 90 gold pieces
 18868 | D:4      | Bought a potion of might for 48 gold pieces
 18868 | D:4      | Bought a scroll of identify for 24 gold pieces
 18868 | D:4      | Bought 19 stones for 22 gold pieces
 19167 | Lair:2   | Reached skill level 8 in Staves
 19295 | Lair:2   | Reached XP level 12. HP: 43/80 MP: 1/24
 19819 | Lair:2   | Learned a level 4 spell: Passage of Golubria
 20221 | Lair:2   | Reached ***** piety under Hepliaklqana
 20603 | Lair:3   | Noticed a death yak
 20614 | Lair:3   | Killed a death yak
 20617 | Lair:3   | Noticed a death yak
 20620 | Lair:3   | Noticed a death yak
 20624 | Lair:3   | Killed a death yak
 20629 | Lair:3   | Killed a death yak
 20630 | Lair:3   | Reached skill level 9 in Staves
 20803 | Lair:3   | Noticed a four-headed hydra
 20807 | Lair:3   | Killed a four-headed hydra
 20815 | Lair:3   | Noticed a catoblepas
 20833 | Lair:3   | Killed a catoblepas
 20919 | Lair:3   | Noticed a six-headed hydra
 20923 | Lair:3   | Killed a six-headed hydra
 22103 | Lair:4   | Found a staircase to the Swamp.
 22248 | Lair:4   | Found a staircase to the Snake Pit.
 22257 | Lair:4   | Reached skill level 10 in Staves
 22257 | Lair:4   | Reached XP level 13. HP: 88/88 MP: 22/26
 23616 | Lair:5   | Found a transporter.
 23996 | Lair:5   | Found a staircase to the Slime Pits.
 24483 | Lair:5   | Noticed mcwallace's ghost (journeyman FoFE)
 24495 | Lair:5   | Found a transporter.
 25012 | Lair:6   | Entered Level 6 of the Lair of Beasts
 25559 | Lair:6   | Reached skill level 11 in Staves
 25563 | Lair:6   | Reached skill level 10 in Spellcasting
 26922 | Lair:5   | Reached skill level 10 in Dodging
 26927 | Lair:5   | Reached XP level 14. HP: 76/95 MP: 10/28
 27510 | Lair:6   | Reached skill level 10 in Stealth
 28066 | Lair:6   | Reached skill level 10 in Invocations
 28398 | Lair:6   | Reached skill level 12 in Staves
 28596 | Lair:6   | Noticed a dire elephant
 28601 | Lair:6   | Killed a dire elephant
 28662 | Lair:6   | Identified the ring of Akhal {rElec rN+ EV+4 Int+5}
 29567 | D:7      | Found a shadowy altar of Dithmenos.
 29621 | D:7      | Killed Pikel
 29904 | D:7      | Found a transporter.
 29907 | D:7      | Found a transporter.
 30122 | D:7      | Learned a level 5 spell: Silence
 30538 | D:11     | Found a staircase to the Orcish Mines.
 30758 | D:11     | Noticed Erica
 30765 | D:11     | Killed Erica
 32143 | D:12     | Identified the +5 whip of Courage {holy, Dex+2}
 32274 | D:12     | Learned a level 2 spell: Corpse Rot
 33058 | D:12     | Identified the +8 long sword of Defiance {vamp, rF++ rCorr}
 33189 | Orc:1    | Entered Level 1 of the Orcish Mines
 33189 | Orc:1    | Found Epay's Magic Scroll Emporium.
 33189 | Orc:1    | Found Wironnie's Distillery.
 33243 | Orc:1    | Reached XP level 15. HP: 82/103 MP: 24/29
 33788 | Orc:1    | Bought a scroll of enchant weapon for 120 gold pieces
 34024 | Orc:1    | Found a transporter.
 34027 | Orc:1    | Found a transporter.
 34028 | Orc:1    | Found a transporter.
 34035 | Orc:1    | Found a sparkling altar of Nemelex Xobeh.
 34035 | Orc:1    | Noticed a juggernaut
 34036 | Orc:1    | Found a transporter.
 34036 | Orc:1    | Found a transporter.
 34040 | Orc:1    | Found a transporter.
 34108 | Orc:2    | Entered Level 2 of the Orcish Mines
 34350 | Orc:2    | Found a staircase to the Elven Halls.
 34942 | Orc:2    | Reached ****** piety under Hepliaklqana
 35124 | Orc:1    | Found Ypleh's Assorted Antiques.
 35337 | Orc:1    | Bought a scroll of amnesia for 91 gold pieces
 35337 | Orc:1    | Bought a scroll of amnesia for 91 gold pieces
 35458 | Orc:1    | Found Culocuh's Assorted Antiques.
 35560 | Orc:1    | Bought a blue potion for 31 gold pieces
 35566 | Orc:1    | Bought a scroll labelled MOERUGHIBARCH for 35 gold pieces
 35566 | Orc:1    | Bought a scroll labelled LESTYERHEDD for 35 gold pieces
 35571 | Orc:1    | Acquired the Reference Book on the Harmful Mountains
 35579 | Orc:1    | Learned a level 5 spell: Borgnjor's Vile Clutch
 35783 | Orc:2    | Reached skill level 10 in Earth Magic
 35850 | Orc:2    | Found Qakuos's Magic Scroll Shoppe.
 35853 | Orc:2    | Found Muogho's Distillery.
 36055 | Orc:2    | Reached skill level 13 in Staves
 36352 | Orc:2    | Reached skill level 10 in Fighting
 36352 | Orc:2    | Reached skill level 10 in Short Blades
 36352 | Orc:2    | Reached skill level 10 in Long Blades
 36352 | Orc:2    | Reached skill level 10 in Axes
 36352 | Orc:2    | Reached skill level 10 in Maces & Flails
 36352 | Orc:2    | Reached skill level 10 in Polearms
 36352 | Orc:2    | Reached skill level 10 in Slings
 36352 | Orc:2    | Reached skill level 10 in Bows
 36352 | Orc:2    | Reached skill level 10 in Crossbows
 36352 | Orc:2    | Reached skill level 10 in Throwing
 36352 | Orc:2    | Reached skill level 10 in Armour
 36352 | Orc:2    | Reached skill level 10 in Shields
 36352 | Orc:2    | Reached skill level 10 in Unarmed Combat
 36352 | Orc:2    | Reached skill level 10 in Evocations
 36663 | Orc:2    | Found Mucrioc's Antique Weapon Boutique.
 36663 | Orc:2    | Found Ruskoob's Book Shop.
 36664 | Orc:2    | Found a one-way gate leading to the halls of Pandemonium.
 36723 | Orc:1    | Bought a scroll of amnesia for 56 gold pieces
 36760 | Orc:2    | Bought a potion of heal wounds for 60 gold pieces
 36794 | Orc:1    | Bought a scroll of fog for 32 gold pieces
 37549 | D:13     | Noticed Sonja
 37555 | D:13     | Killed Sonja
 38740 | D:14     | Noticed Rupert
 38740 | D:14     | Found a gate to the Vaults.
 38797 | D:14     | Found Wuqoohi's General Store.
 38803 | D:14     | Bought a scroll of blinking for 82 gold pieces
 38803 | D:14     | Bought a scroll of fear for 38 gold pieces
 38803 | D:14     | Bought a scroll of fear for 38 gold pieces
 38803 | D:14     | Bought a potion of curing for 33 gold pieces
 38803 | D:14     | Bought a phantom mirror for 440 gold pieces
 39026 | D:14     | Killed Rupert
 39923 | D:14     | Found Gipteun's Assorted Antiques.
 39977 | D:14     | Found a hide-covered altar of Uskayaw.
 40280 | D:14     | Found Athusod's Assorted Antiques.
 40294 | D:14     | Bought 2 bubbling silvery potions for 54 gold pieces
 40388 | D:14     | Found Oryjasi's Magic Scroll Boutique.
 40398 | D:14     | Bought a scroll of amnesia for 49 gold pieces
 40398 | D:14     | Bought a scroll of amnesia for 49 gold pieces
 40417 | D:14     | Learned a level 5 spell: Freezing Cloud
 40556 | D:15     | Entered Level 15 of the Dungeon
 41256 | D:15     | Reached XP level 16. HP: 110/110 MP: 21/31
 42559 | D:15     | Reached skill level 14 in Staves
 43625 | D:15     | Found a staircase to the Depths.
 43775 | D:15     | Found a basalt altar of Yredelemnul.
 44348 | Swamp:1  | Entered Level 1 of the Swamp
 46873 | Swamp:1  | Learned a level 4 spell: Dispel Undead
 48683 | Swamp:2  | Learned a level 6 spell: Death Channel
 51292 | Swamp:3  | Noticed a tentacled monstrosity
 51300 | Swamp:3  | Killed a tentacled monstrosity
 52247 | Swamp:3  | Noticed Louise
 52262 | Swamp:3  | Killed Louise
 53129 | Swamp:4  | Entered Level 4 of the Swamp
 53582 | Swamp:4  | Reached XP level 17. HP: 117/117 MP: 12/33
 53583 | Swamp:4  | Reached skill level 15 in Staves
 54226 | Swamp:4  | Noticed Roxanne
 55084 | Swamp:4  | Reached skill level 10 in Transmutations
 56716 | Swamp:4  | Got a decaying rune of Zot
 56943 | Snake:1  | Entered Level 1 of the Snake Pit
 57094 | Snake:1  | Found Bykoto's Assorted Antiques.
 57200 | Snake:1  | Bought a scroll of amnesia for 105 gold pieces
 57200 | Snake:1  | Bought a scroll of amnesia for 105 gold pieces
 57208 | Snake:1  | Bought a scroll of teleportation for 90 gold pieces
 57208 | Snake:1  | Bought a potion of haste for 300 gold pieces
 57215 | Snake:1  | Found Gishro Qacs's Weapon Emporium.
 57747 | Snake:1  | Found Zatoanor's Jewellery Shoppe.
 58120 | Snake:1  | Found a runed translucent door.
 58122 | Snake:1  | Found a shimmering altar of Xom.
 58122 | Snake:1  | Noticed AmazingEquinox's ghost (journeyman HOFi)
 58715 | Snake:1  | Found Firaekle's Weapon Emporium.
 59428 | Snake:2  | Reached skill level 10 in Conjurations
 59428 | Snake:2  | Reached skill level 10 in Hexes
 59428 | Snake:2  | Reached skill level 10 in Summonings
 59428 | Snake:2  | Reached skill level 10 in Necromancy
 59428 | Snake:2  | Reached skill level 10 in Translocations
 59428 | Snake:2  | Reached skill level 10 in Fire Magic
 59428 | Snake:2  | Reached skill level 10 in Ice Magic
 59428 | Snake:2  | Reached skill level 10 in Air Magic
 59428 | Snake:2  | Reached skill level 10 in Poison Magic
 60257 | Snake:2  | Found Ustid's Assorted Antiques.
 60957 | Snake:2  | Bought a scroll labelled LEONKU JIRUOFYDA for 33 gold
                  | pieces
 63400 | Snake:3  | Noticed Donald
 63409 | Snake:3  | Killed Donald
 64224 | Snake:3  | Reached skill level 16 in Staves
 64318 | Snake:3  | Reached XP level 18. HP: 122/126 MP: 15/35
 64715 | Snake:3  | Noticed Jorgrun
 64725 | Snake:3  | Killed Jorgrun
 67644 | Snake:4  | Entered Level 4 of the Snake Pit
 71767 | Snake:4  | Noticed Mlioglotl
 71775 | Snake:4  | Killed Mlioglotl
 71776 | Snake:4  | Reached skill level 17 in Staves
 71792 | Snake:4  | Reached XP level 19. HP: 128/133 MP: 3/36
 72391 | Snake:4  | Got a serpentine rune of Zot
 72457 | Snake:4  | Found a hide-covered altar of Uskayaw.
 73144 | Vaults:1 | Entered Level 1 of the Vaults
 75264 | Vaults:1 | Noticed Aizul
 75274 | Vaults:1 | Killed Aizul
 76938 | Vaults:1 | Found a large runed translucent door.
 76938 | Vaults:1 | Found a large runed translucent door.
 76938 | Vaults:1 | Noticed Synox's ghost (legendary FoFi)
 76938 | Vaults:1 | Noticed Getoffmy's ghost (veteran GrFi)
 79125 | Vaults:2 | Found a huge runed gate.
 79125 | Vaults:2 | Found a huge runed gate.
 79125 | Vaults:2 | Found a huge runed gate.
 79125 | Vaults:2 | Found a huge runed gate.
 79125 | Vaults:2 | Found a huge runed gate.
 79125 | Vaults:2 | Found a huge runed gate.
 79125 | Vaults:2 | Found a huge runed gate.
 79126 | Vaults:2 | Found a huge runed gate.
 79126 | Vaults:2 | Found a huge runed gate.
 79126 | Vaults:2 | Found a huge runed gate.
 79132 | Vaults:2 | Found a huge runed gate.
 79132 | Vaults:2 | Found a huge runed gate.
 79132 | Vaults:2 | Found a huge runed gate.
 79132 | Vaults:2 | Found a huge runed gate.
 79132 | Vaults:2 | Found a huge runed gate.
 79132 | Vaults:2 | Found a huge runed gate.
 79133 | Vaults:2 | Found a huge runed gate.
 79134 | Vaults:2 | Found a huge runed gate.
 79135 | Vaults:2 | Found a huge runed gate.
 79143 | Vaults:2 | Found a huge runed gate.
 79143 | Vaults:2 | Found a huge runed gate.
 79143 | Vaults:2 | Found a huge runed gate.
 79143 | Vaults:2 | Found a huge runed gate.
 79143 | Vaults:2 | Found a huge runed gate.
 79143 | Vaults:2 | Found a huge runed gate.
 79144 | Vaults:2 | Found a huge runed gate.
 79145 | Vaults:2 | Found a huge runed gate.
 79147 | Vaults:2 | Found a huge runed gate.
 79155 | Vaults:2 | Found a huge runed gate.
 79155 | Vaults:2 | Found a huge runed gate.
 79155 | Vaults:2 | Found a huge runed gate.
 79155 | Vaults:2 | Found a huge runed gate.
 79155 | Vaults:2 | Found a huge runed gate.
 79155 | Vaults:2 | Found a huge runed gate.
 79156 | Vaults:2 | Found a huge runed gate.
 79157 | Vaults:2 | Found a huge runed gate.
 79225 | Vaults:2 | Noticed Frederick
 79234 | Vaults:2 | Killed Frederick
 79586 | Vaults:2 | Reached skill level 18 in Staves
 79586 | Vaults:2 | Reached XP level 20. HP: 141/141 MP: 24/38
 80149 | Vaults:2 | Found a staircase to the Crypt.
 82211 | Vaults:3 | Identified the +2 hat of Kixkuc {rC- Regen+ Dex+8}
 82247 | Vaults:3 | Found a radiant altar of Vehumet.
 84269 | Vaults:4 | Reached skill level 15 in Invocations
 84428 | Vaults:4 | Noticed Margery
 84437 | Vaults:4 | Killed Margery
 85555 | Vaults:3 | Upgraded the game from 0.29-a0-231-g945431f764 to
                  | 0.29-a0-233-g1125b37a9b
 86251 | Elf:1    | Entered Level 1 of the Elven Halls
 86966 | Elf:1    | Reached XP level 21. HP: 148/148 MP: 27/39
 87779 | Elf:1    | Reached skill level 19 in Staves
 87779 | Elf:1    | Reached skill level 15 in Spellcasting
 88496 | Elf:1    | You fall into a shaft and drop 1 floor!
 88496 | Elf:2    | Found a runed translucent gate.
 88496 | Elf:2    | Found a runed translucent gate.
 88496 | Elf:2    | Found a runed translucent gate.
 88544 | Elf:2    | Reached skill level 15 in Dodging
 88756 | Elf:2    | Found a runed translucent gate.
 88756 | Elf:2    | Found a runed translucent gate.
 88756 | Elf:2    | Found a runed translucent gate.
 88757 | Elf:2    | Found an iron altar of Okawaru.
 88757 | Elf:2    | Noticed pigah's ghost (adept OpAE)
 89545 | Elf:2    | Reached skill level 15 in Stealth
 90597 | Elf:2    | Found Pijoinok's Magic Scroll Boutique.
 90613 | Elf:2    | Bought a scroll of teleportation for 39 gold pieces
 90613 | Elf:2    | Bought a scroll of enchant weapon for 97 gold pieces
 90613 | Elf:2    | Bought 3 scrolls of holy word for 292 gold pieces
 90613 | Elf:2    | Bought 3 scrolls of enchant armour for 292 gold pieces
 92133 | Lair:5   | Killed mcwallace's ghost
 92171 | Lair:5   | Learned a level 3 spell: Mephitic Cloud
 92179 | Lair:5   | Learned a level 6 spell: Iron Shot
 92676 | Depths:1 | Entered Level 1 of the Depths
 93178 | Depths:1 | Noticed the Enchantress
 93205 | Depths:1 | Killed the Enchantress
 93691 | Depths:1 | Found Tyistuv's Antique Armour Shop.
 93763 | Depths:1 | Reached XP level 22. HP: 134/156 MP: 25/41
 94274 | Depths:1 | Found Meawass's Jewellery Emporium.
 94431 | Depths:1 | Found a hide-covered altar of Uskayaw.
 94454 | Depths:1 | Found Ficy's Distillery.
 94534 | Depths:1 | Bought 2 potions of heal wounds for 170 gold pieces
 94534 | Depths:1 | Bought a potion of magic for 136 gold pieces
 95378 | Depths:1 | Reached skill level 20 in Staves
 95613 | Depths:1 | Found a gateway to Hell.
 96251 | Depths:2 | Found a one-way gateway to a ziggurat.
 96361 | Depths:2 | Reached skill level 15 in Fighting
 96361 | Depths:2 | Reached skill level 15 in Short Blades
 96361 | Depths:2 | Reached skill level 15 in Long Blades
 96361 | Depths:2 | Reached skill level 15 in Axes
 96361 | Depths:2 | Reached skill level 15 in Maces & Flails
 96361 | Depths:2 | Reached skill level 15 in Polearms
 96361 | Depths:2 | Reached skill level 15 in Slings
 96361 | Depths:2 | Reached skill level 15 in Bows
 96361 | Depths:2 | Reached skill level 15 in Crossbows
 96361 | Depths:2 | Reached skill level 15 in Throwing
 96361 | Depths:2 | Reached skill level 15 in Armour
 96361 | Depths:2 | Reached skill level 15 in Shields
 96361 | Depths:2 | Reached skill level 15 in Unarmed Combat
 96361 | Depths:2 | Reached skill level 15 in Evocations
 98240 | Depths:2 | Found a one-way gate to the infinite horrors of the Abyss.
 99136 | Depths:3 | Found Kigues Rely's General Store.
 99710 | Depths:3 | Learned a level 7 spell: Spellforged Servitor
100875 | Depths:3 | Reached XP level 23. HP: 88/163 MP: 24/43
101514 | Depths:4 | Entered Level 4 of the Depths
101514 | Depths:4 | Found Sacvur's Distillery.
101527 | Depths:4 | Noticed a golden dragon
101530 | Depths:4 | Killed a golden dragon
102102 | Depths:4 | Found a transporter.
102768 | Depths:4 | Reached skill level 21 in Staves
103184 | Depths:4 | Found a gate to the Realm of Zot.
103200 | Depths:4 | Noticed a juggernaut
103208 | Depths:4 | Found a transporter.
103208 | Depths:4 | Noticed a juggernaut
103212 | Depths:4 | Found a bloodstained altar of Trog.
103395 | Depths:4 | Found Voffug's Book Boutique.
103395 | Depths:4 | Found Uxysyuph's Antique Armour Shop.
103396 | Depths:4 | Found Tameocaa's General Store.
103398 | Depths:4 | Found Varcheed's General Store.
103419 | Depths:4 | Bought a pair of slimy gloves for 380 gold pieces
103419 | Depths:4 | Identified the +0 pair of gloves of the Orb Guardian {MP+9
                  | Str+3 Dex+4} (You bought it in a shop on level 4 of the
                  | Depths)
103529 | Depths:4 | Noticed pokeman's ghost (adept DEWz)
104375 | Elf:1    | Found Qesiak's Weapon Emporium.
104437 | Elf:3    | Entered Level 3 of the Elven Halls
104452 | Elf:3    | Found Hodghaxe's One-of-a-Kind Books.
104469 | Elf:3    | Found Dukkoas's Distillery.
104572 | Elf:3    | Paralysed by an air elemental for 1 turns
105289 | Elf:3    | Identified the +7 hand axe of the Spectre {vorpal, rPois
                  | Dex+2}
105289 | Elf:3    | Identified the ring "Kattesuf" {Fly rF+ Int+6}
105415 | Elf:3    | Identified the ring "Qaanun" {rN+ rCorr Int-2 Dex+6}
105731 | Elf:3    | Identified the +9 broad axe of Zocheu {venom, rElec Str+3
                  | Int+9 Stlth-}
105741 | Elf:3    | Identified the +6 battleaxe of the Witching Gods {flame,
                  | Str+5 Int-3}
105752 | Elf:3    | Identified the +8 mace of the Brewing Owl {venom, Int+4
                  | Dex+2 Stlth-}
105752 | Elf:3    | Identified the +1 leather armour "Dueruofa" {rPois}
105756 | Elf:3    | Identified the ring "Qewobb" {Fire Str+3 Int+3}
106616 | Elf:3    | Got the Compendium of Flight and Darkness
106941 | Elf:2    | Bought a scroll of amnesia for 45 gold pieces
107025 | Elf:3    | Bought A Thorough Guide to Hermeneutics for 608 gold pieces
107039 | Elf:3    | Learned a level 7 spell: Malign Gateway
107065 | Elf:3    | Bought a potion of heal wounds for 50 gold pieces
107065 | Elf:3    | Bought a potion of heal wounds for 50 gold pieces
107065 | Elf:3    | Bought 2 potions of heal wounds for 100 gold pieces
107065 | Elf:3    | Bought a potion of might for 40 gold pieces
107594 | Vaults:5 | Entered Level 5 of the Vaults
107616 | Vaults:5 | Noticed Jory
107625 | Vaults:5 | Killed Jory
107648 | Vaults:5 | Reached XP level 24. HP: 131/171 MP: 5/43
107670 | Vaults:5 | Noticed a dread lich
107674 | Vaults:5 | Killed a dread lich
108183 | Vaults:5 | Identified the +5 spear "Cexzuwn" {vorpal, rN+ Int+2}
108410 | Vaults:5 | Identified the +4 fustibalus of the Mushroom {vorpal, rPois
                  | rF++ rCorr}
108430 | Vaults:5 | Identified the +1 leather armour of the Learner {rCorr
                  | Dex+9 Slay-3 Stlth+}
108958 | Vaults:5 | Identified the amulet of Guxkeef {Regen+ Str+7 Int-3}
109302 | Vaults:5 | Reached skill level 22 in Staves
109624 | Vaults:5 | Acquired 227 gold pieces
110024 | Vaults:5 | Identified the +2 robe of Omudd {*Corrode rPois rN+ Str+3}
110036 | Vaults:5 | Noticed a dread lich
110038 | Vaults:5 | Paralysed by a dread lich for 4 turns
110255 | Vaults:5 | Reached skill level 15 in Earth Magic
110311 | Vaults:5 | Killed a dread lich
110933 | Vaults:5 | Identified the +10 scimitar of Focus {flame, *Slow Will+
                  | Str+4 Stlth+}
111415 | Vaults:5 | Identified the +3 ring mail "Fusaelec" {rPois rCorr Int+4
                  | Dex-3}
111590 | Vaults:5 | Got a silver rune of Zot
111645 | Vaults:5 | Got the Reference Book on Captivating Arcane Weapons
112117 | Zot:1    | Entered Level 1 of the Realm of Zot
112117 | Zot:1    | Noticed a juggernaut
112124 | Zot:1    | Noticed a Killer Klown
112124 | Zot:1    | Noticed a Killer Klown
112124 | Zot:1    | Killed a juggernaut
112125 | Zot:1    | Reached XP level 25. HP: 179/179 MP: 44/44
112125 | Zot:1    | Noticed a Killer Klown
112127 | Zot:1    | Noticed a Killer Klown
112132 | Zot:1    | Killed a Killer Klown
112135 | Zot:1    | Killed a Killer Klown
112136 | Zot:1    | Killed a Killer Klown
112138 | Zot:1    | Killed a Killer Klown
112553 | Zot:1    | Noticed an orb of fire
112561 | Zot:1    | Killed an orb of fire
112571 | Zot:1    | Noticed an orb of fire
112576 | Zot:1    | Killed an orb of fire
113296 | Zot:1    | Learned a level 7 spell: Orb of Destruction
114088 | Orc:1    | Bought a scroll of teleportation for 48 gold pieces
114088 | Orc:1    | Bought a scroll of fear for 56 gold pieces
114088 | Orc:1    | Bought a scroll of teleportation for 48 gold pieces
114289 | Depths:4 | Bought a potion of might for 52 gold pieces
114289 | Depths:4 | Bought a potion of might for 52 gold pieces
114289 | Depths:4 | Bought a potion of curing for 39 gold pieces
114441 | Orc:1    | Bought a potion of invisibility for 136 gold pieces
114640 | Elf:2    | Killed pigah's ghost
114892 | Elf:2    | Identified the +8 battleaxe of Disintegration {vorpal,
                  | Str+5}
114893 | Elf:2    | Identified the +2 robe "Effedd" {Drain Int+7 Dex+3}
115233 | Depths:1 | Bought a potion of haste for 170 gold pieces
115233 | Depths:1 | Bought a potion of magic for 136 gold pieces
115233 | Depths:1 | Bought 2 potions of cancellation for 272 gold pieces
115233 | Depths:1 | Bought a potion of cancellation for 136 gold pieces
115233 | Depths:1 | Bought a potion of brilliance for 68 gold pieces
115233 | Depths:1 | Bought a potion of curing for 51 gold pieces
115457 | Snake:2  | Bought a scroll of amnesia for 115 gold pieces
115798 | Orc:2    | Bought a potion of mutation for 96 gold pieces
115798 | Orc:2    | Bought a potion of mutation for 96 gold pieces
117853 | Zot:2    | Reached skill level 23 in Staves
120704 | Zot:3    | Reached XP level 26. HP: 154/187 MP: 41/45
120906 | Zot:4    | Noticed a Killer Klown
120927 | Zot:4    | Killed a Killer Klown
120967 | Zot:4    | Reached skill level 15 in Transmutations
121299 | Zot:4    | Identified the +1 robe of Beauty {rN+ Dex+2}
121339 | Zot:4    | Noticed an orb of fire
121347 | Zot:4    | Killed an orb of fire
122050 | Zot:4    | Identified the +0 shortbow "Cyhaowunn" {venom, rC+ Int-4
                  | Dex+7 SInv}
122055 | Zot:4    | Got Sif Muna's Tome of Beguiling
123036 | Zot:4    | Noticed a Killer Klown
123043 | Zot:4    | Killed a Killer Klown
123172 | Zot:4    | Noticed a Killer Klown
123179 | Zot:4    | Killed a Killer Klown
123184 | Zot:4    | Reached skill level 15 in Conjurations
123184 | Zot:4    | Reached skill level 15 in Hexes
123184 | Zot:4    | Reached skill level 15 in Summonings
123184 | Zot:4    | Reached skill level 15 in Necromancy
123184 | Zot:4    | Reached skill level 15 in Translocations
123184 | Zot:4    | Reached skill level 15 in Fire Magic
123184 | Zot:4    | Reached skill level 15 in Ice Magic
123184 | Zot:4    | Reached skill level 15 in Air Magic
123184 | Zot:4    | Reached skill level 15 in Poison Magic
123836 | Zot:4    | Noticed an orb of fire
123851 | Zot:4    | Killed an orb of fire
124204 | Zot:5    | Entered Level 5 of the Realm of Zot
128439 | Zot:5    | Noticed an ancient lich
128466 | Zot:5    | Killed an ancient lich
128818 | Zot:5    | Gained mutation: You sometimes lose the ability to read
                  | scrolls when taking damage. [mutagenic glow]
128826 | Zot:5    | Gained mutation: Your magical capacity is low. (-10% MP)
                  | [mutagenic glow]
129045 | Zot:4    | Lost mutation: Your magical capacity is low. (-10% MP)
                  | [potion of mutation]
129045 | Zot:4    | Lost mutation: You sometimes lose the ability to read
                  | scrolls when taking damage. [potion of mutation]
129045 | Zot:4    | Gained mutation: Your mind is acute. (Int +2) [potion of
                  | mutation]
129325 | Zot:5    | Noticed a dread lich
130048 | Zot:5    | Noticed a Killer Klown
130061 | Zot:5    | Killed a Killer Klown
130263 | Zot:5    | Noticed an ancient lich
130272 | Zot:5    | Killed an ancient lich
130431 | Zot:5    | Reached skill level 24 in Staves
130532 | Zot:5    | Noticed an orb of fire
130543 | Zot:5    | Killed an orb of fire
130956 | Zot:5    | Noticed an orb of fire
130962 | Zot:5    | Killed an orb of fire
130984 | Zot:5    | Noticed a Killer Klown
130991 | Zot:5    | Killed a Killer Klown
130994 | Zot:5    | Noticed a Killer Klown
130998 | Zot:5    | Killed a Killer Klown
131188 | Zot:5    | Reached XP level 27. HP: 195/195 MP: 38/45
131644 | Zot:5    | Killed a dread lich
131885 | Zot:5    | Noticed an orb of fire
131896 | Zot:5    | Killed an orb of fire
132471 | Zot:5    | Noticed an orb of fire
132473 | Zot:5    | Killed an orb of fire
132529 | Zot:5    | Noticed an ancient lich
132536 | Zot:5    | Killed an ancient lich
132544 | Zot:5    | Noticed an ancient lich
132552 | Zot:5    | Killed an ancient lich
132825 | Zot:5    | Noticed a dread lich
132834 | Zot:5    | Killed a dread lich
132871 | Zot:5    | Noticed an orb of fire
132877 | Zot:5    | Killed an orb of fire
133055 | Zot:5    | Got the Orb of Zot
133062 | Zot:5    | Learned a level 3 spell: Swiftness
133348 | Depths:4 | Noticed Kiwuz the pandemonium lord
133355 | Depths:4 | Killed Kiwuz the pandemonium lord
133708 | D:5      | Noticed Qopyul the pandemonium lord
133716 | D:5      | Killed Qopyul the pandemonium lord
133818 | D:$      | Escaped with the Orb!

Illustrated notes

Levels and vault maps discovered:
D:1:      matt_arrival_refuge, layout_rooms, hex_medium,
          chequers_serial_rivers_micro_e
D:2:      layout_basic, chequers_ecumenical_altar_simple_redux
D:3:      layout_basic, hangedman_ru_absence, nicolae_hepliaklqana_hazy_memory,
          slow_altar_1
D:4:      layout_rooms, enter_ossuary_3, serial_shops, shop
D:5:      layout_cave_pools, minmay_temple_entry_wispy, uniq_ijyb
D:6:      layout_loops_cross, uniq_menkaure, uniq_eustachio, uniq_edmund
D:7:      gammafunk_beogh_shrine, layout_basic, lemuel_tele_altar,
          grunt_decor_one_mirror, minmay_manual_monstrance, uniq_pikel,
          uniq_duvessa
D:8:      layout_basic, nzn_life_drinkers
D:9:      layout_basic, enter_bailey_4, uniq_maurice
D:10:     layout_layer_cave, nemelex_spade_bored_becter, dpeg_oklobed_lair
D:11:     layout_long_grid, hiddenorc2_lemuel, portal_ice_cave_entry_pillars_1,
          uniq_erica
D:12:     layout_long_grid, serial_co_window_serial, co_window_corner_a,
          co_window_corner_a, co_window_of_opportunity_a, co_window_paths_a,
          co_window_of_opportunity_a, co_window_broadway_b, co_window_2corner,
          co_window_2corner, glass_columns_a, glass_columns_a, glass_columns_b,
          glass_columns_b
D:13:     layout_long_grid, uniq_sonja
D:14:     layout_roguey, david_vaults_3, serial_shops, nicolae_take_the_stairs,
          nicolae_stop_n_shop_2, nicolae_shop_overgrown_old_shop,
          nicolae_shop_temple_entry_statues_fountains, minmay_misc_feat_tiny,
          dancing_weapons_uskayaw
D:15:     grunt_enter_depths_giant_problem, layout_basic, minivault_23,
          grunt_ministairs_11, hangedman_decor_push, minivault_20,
          chequers_decorated_corner, yredelemnul_forgotten_temple_becter
Temple:   minmay_crystal_spiral_temple
Lair:1:   layout_chaotic_city, gammafunk_lair_bear_cave
Lair:2:   layout_hall_layers, grunt_megastairs_1
Lair:3:   layout_chaotic_city, hellmonk_guarded_unrand_zhor, grunt_megastairs_3
Lair:4:   layout_cave_pods, minmay_swamp_entry_eels,
          minmay_snake_entry_six_corridors, nicolae_volcano_entry_lava_flow
Lair:5:   wad_woods_04, layout_regular_city, minmay_slime_entry_oklob_open,
          gammafunk_ghost_arena
Lair:6:   grunt_lair_end_beastmaster, layout_regular_city, grunt_megastairs_5
Swamp:1:  layout_basic_swamp, evilmike_swamp_ruin_house_5, swamp_pool2,
          ldierk_geyser, infiniplex_staircase_pool
Swamp:2:  layout_basic_swamp, evilmike_swamp_ruin_rubble_1
Swamp:3:  layout_falls_marsh, hangedman_swamp_lotus, swamp_pool1,
          nicolae_swamp_round_clearing, grunt_lady_of_the_lake, uniq_louise
Swamp:4:  swamp_basic_johnstein, layout_basic_swamp, grunt_hermit_hut,
          uniq_roxanne
Snake:1:  layout_grid_maze, serial_shops, nicolae_shop_hallway_stairs,
          nicolae_shop_behind_doors, shop, shop, ebering_ghost_xom
Snake:2:  layout_misc_corridors, serial_shops, shop
Snake:3:  layout_concentric_octagons, uniq_jorgrun, uniq_donald
Snake:4:  grunt_snake_rune_spirals, layout_onion_interference, basic_altar,
          serial_bayou_shore_a, uniq_mlioglotl
Orc:1:    layout_caves, serial_shops, shop, shop, nicolae_shop_hallway_plus,
          shop, hellmonk_jugg_or_not
Orc:2:    pf_orc_diabolical, layout_diamond_mine
Elf:1:    eino_elf_arrival_sip, layout_loops_corners,
          portal_desolation_entry_nicolae_nacl, serial_shops,
          nicolae_shop_crystal, hangedman_corner_corridor
Elf:2:    nicolae_elf_blades_crystal_corner, layout_geoelf_grid,
          gammafunk_ghost_fury_of_okawaru, serial_shops, shop
Elf:3:    minmay_elf_hall_spiked, layout_geoelf_grid, serial_shops,
          nicolae_square_shop, nicolae_rare_books, ebering_dispersal_statue_hall
Vaults:1: advil_vaults_ghost_guards, nicolae_vaults_what_the_h, v_misc_27,
          ontoclasm_vaults_chip, ontoclasm_vaults_ring_square, v_misc_12,
          v_misc_25, nicolae_vaults_theta, grunt_vaults_bifocal,
          nicolae_vaults_network_square, nicolae_vaults_shelves_hall,
          vaults_mumra_minichess_inversion, nicolae_vaults_ring_of_whatevers,
          nicolae_vaults_asterisk, nicolae_vaults_diagonal_hallway_8,
          layout_vaults_ring, serial_glass, uniq_aizul
Vaults:2: grunt_vaults_diagonal, vaults_room_semicircle, v_alt_pattern_3,
          nicolae_vaults_diagonal_hallway_7, minmay_crypt_entry_simple_box,
          vaults_room_semicircle, v_misc_14, vaults_room_pools,
          grunt_vaults_twisty, ontoclasm_vaults_claustrophobia, v_rooms_1,
          hangedman_vaults_maws, not_door_vault_mu, vaults_dpeg_hooks,
          layout_vaults_maze, uniq_frederick
Vaults:3: nicolae_vaults_big_angled_halls, grunt_tower_of_power,
          vaults_dpeg_ring, v_misc_18, ontoclasm_vaults_fault,
          layout_vaults_chaotic_city
Vaults:4: vaults_room_corners, ontoclasm_vaults_tryst,
          vaults_mumra_chevron_long, nicolae_vaults_holding_cells,
          vaults_dpeg_cross, grunt_vaults_funnel,
          nicolae_vaults_stairing_the_circle, v_misc_13,
          nicolae_vaults_specimen_jars, nicolae_vaults_angled_halls,
          v_pattern_1, layout_vaults_omnicross, uniq_margery
Vaults:5: uniq_jory
Depths:1: layout_basic, serial_shops, nicolae_shop_hallway_stairs, shop, shop,
          hellmouth_1, nrook_pool_corridor, minmay_crystal_room,
          nicolae_danse_macabre, uniq_enchantress
Depths:2: evilmike_halls_of_destruction, layout_cave_pools, enter_ziggurat_a,
          rand_demon_pan_entry_1, serial_sigils_hangedman_scar,
          abyss_entry_small_statue_room, hell_entry
Depths:3: hangedman_cross_veins, layout_basic, abyss_entry, serial_shops, shop,
          grunt_pan_entry_in_and_out, grunt_hell_horde,
          minmay_staircase_windowed_small
Depths:4: evilmike_zot_entry_diamond, layout_long_grid,
          gammafunk_ghost_wrathful_warriors, serial_shops, shop, hell_entry,
          grunt_pan_entry_sceptre, abyss_entry, serial_bayou_pond_d,
          st_stairs_3, minmay_shoptagon
Zot:1:    ebering_greatest_show_in_zot, layout_misc_corridors
Zot:2:    layout_cathedral_of_symmetry
Zot:3:    layout_onion
Zot:4:    grunt_zot_stairs_mandelzot, layout_onion_interference
Zot:5:    layout_basic, st_stairs_7, grunt_ministairs_11

Skill      XL: |  1  2  3  4  5  6  7  8  9 10 11 12 13 14 15 16 17 18 19 20 21 22 23 24 25 26 27 |
---------------+----------------------------------------------------------------------------------+-----
Transmutations | 2 3 4 5 6 7 8 9 10 11 12 13 14 15 | 15.8
Spellcasting   | 5 6 7 8 9 10 11 12 13 14 15 16 17 18 19 | 19.0
Invocations    | 1 2 3 4 5 6 7 8 9 10 11 12 13 14 15 16 17 18 19 | 19.9
Fighting       | 1 2 3 4 5 6 7 8 9 10 11 12 13 14 15 16 17 18 | 18.4
Short Blades   | 1 2 3 4 5 6 7 8 9 10 11 12 13 14 15 16 17 18 | 18.4
Long Blades    | 1 2 3 4 5 6 7 8 9 10 11 12 13 14 15 16 17 18 | 18.4
Axes           | 1 2 3 4 5 6 7 8 9 10 11 12 13 14 15 16 17 18 | 18.4
Maces & Flails | 1 2 3 4 5 6 7 8 9 10 11 12 13 14 15 16 17 18 | 18.4
Polearms       | 1 2 3 4 5 6 7 8 9 10 11 12 13 14 15 16 17 18 | 18.4
Staves         | 1 2 3 4 6 8 10 11 12 13 14 16 17 18 19 20 21 22 23 24 | 24.4
Slings         | 1 2 3 4 5 6 7 8 9 10 11 12 13 14 15 16 17 18 | 18.4
Bows           | 1 2 3 4 5 6 7 8 9 10 11 12 13 14 15 16 17 18 | 18.4
Crossbows      | 1 2 3 4 5 6 7 8 9 10 11 12 13 14 15 16 17 18 | 18.4
Throwing       | 1 2 3 4 5 6 7 8 9 10 11 12 13 14 15 16 17 18 | 18.4
Armour         | 1 2 3 4 5 6 7 8 9 10 11 12 13 14 15 16 17 18 19 20 | 20.4
Shields        | 1 2 3 4 5 6 7 8 9 10 11 12 13 14 15 16 17 18 | 18.4
Unarmed Combat | 1 2 3 4 5 6 7 8 9 10 11 12 13 14 15 16 17 18 | 18.4
Evocations     | 1 2 3 4 5 6 7 8 9 10 11 12 13 14 15 16 17 18 | 18.4
Conjurations   | 1 2 3 4 5 6 7 8 9 10 11 12 13 14 15 | 15.7
Hexes          | 1 2 3 4 5 6 7 8 9 10 11 12 13 14 15 | 15.7
Summonings     | 1 2 3 4 5 6 7 8 9 10 11 12 13 14 15 | 15.7
Necromancy     | 1 2 3 4 5 6 7 8 9 10 11 12 13 14 15 | 15.7
Translocations | 1 2 3 4 5 6 7 8 9 10 11 12 13 14 15 | 15.7
Fire Magic     | 1 2 3 4 5 6 7 8 9 10 11 12 13 14 15 | 15.7
Ice Magic      | 1 2 3 4 5 6 7 8 9 10 11 12 13 14 15 | 15.7
Air Magic      | 1 2 3 4 5 6 7 8 9 10 11 12 13 14 15 | 15.7
Poison Magic   | 1 2 3 4 5 6 7 8 9 10 11 12 13 14 15 | 15.7
Dodging        | 5 6 7 8 9 10 11 12 13 14 15 16 17 18 | 18.9
Stealth        | 5 6 7 8 9 10 11 12 13 14 15 16 17 18 | 18.8
Earth Magic    | 6 7 8 9 10 11 12 13 14 15 16 | 16.5

Action                   |  1- 3 |  4- 6 |  7- 9 | 10-12 | 13-15 | 16-18 | 19-21 | 22-24 | 25-27 || total
-------------------------+-------+-------+-------+-------+-------+-------+-------+-------+-------++-------
Melee: Unarmed           |     1 |       |       |       |       |       |       |       |       ||     1
       Dagger            |    14 |    15 |       |       |       |       |       |       |       ||    29
       Club              |     3 |       |       |       |       |       |       |       |       ||     3
       Bite              |     1 |     1 |     3 |     8 |    32 |     2 |    10 |     3 |    25 ||    85
       Punch             |     1 |       |       |       |       |       |       |       |       ||     1
       Long sword        |       |       |     7 |       |     8 |       |    37 |    14 |    22 ||    88
       Short sword       |       |       |       |    18 |       |       |       |       |       ||    18
       Mace              |       |       |       |    17 |   170 |       |       |       |       ||   187
       Staff             |       |       |       |       |     7 |    19 |     6 |       |       ||    32
       Broad axe         |       |       |       |       |       |       |       |       |    64 ||    64
 Fire: Hunting sling     |       |    22 |   110 |   127 |    51 |       |       |       |       ||   310
       Fustibalus        |       |       |       |     1 |   276 |    66 |   456 |   411 |    16 ||  1226
Throw: Dart              |       |       |       |   123 |   111 |   155 |     9 |       |       ||   398
       Boomerang         |       |       |       |       |    12 |       |       |       |       ||    12
       Throwing net      |       |       |       |       |     1 |       |       |     1 |       ||     2
       Javelin           |       |       |       |       |       |       |       |       |     8 ||     8
 Cast: Sandblast         |    52 |    46 |    12 |    57 |   111 |       |       |       |       ||   278
       Stone Arrow       |       |    19 |    50 |    97 |   145 |    84 |   153 |    74 |       ||   622
       Petrify           |       |       |       |     2 |       |       |       |       |       ||     2
       Ignite Poison     |       |       |       |    33 |    32 |     7 |       |       |       ||    72
       Sticky Flame      |       |       |       |     2 |     3 |       |       |       |       ||     5
       Teleport Other    |       |       |       |     1 |     3 |       |       |       |       ||     4
       Corpse Rot        |       |       |       |       |     4 |     1 |       |       |       ||     5
       Passage of Golubr |       |       |       |       |     1 |     3 |       |       |     8 ||    12
       Borgnjor's Vile C |       |       |       |       |    38 |   214 |   145 |   140 |    79 ||   616
       Freezing Cloud    |       |       |       |       |     1 |   205 |   116 |    41 |    11 ||   374
       Silence           |       |       |       |       |     1 |       |       |       |       ||     1
       Death Channel     |       |       |       |       |       |     7 |     5 |    18 |    24 ||    54
       Iron Shot         |       |       |       |       |       |       |       |    42 |    17 ||    59
       Spellforged Servi |       |       |       |       |       |       |       |    65 |    76 ||   141
       Dispel Undead     |       |       |       |       |       |       |       |     5 |    15 ||    20
       Passwall          |       |       |       |       |       |       |       |     1 |    12 ||    13
       Malign Gateway    |       |       |       |       |       |       |       |     7 |    56 ||    63
       Mephitic Cloud    |       |       |       |       |       |       |       |     1 |       ||     1
Invok: Recall Ancestor   |       |       |       |     4 |     7 |    15 |    13 |    11 |    25 ||    75
       Ancestor Life: Ba |       |       |       |     1 |       |       |       |       |       ||     1
       Idealise          |       |       |       |     3 |    12 |    17 |     9 |     9 |     8 ||    58
Evoke: Wand              |       |       |    11 |    16 |     9 |    22 |    19 |    17 |     9 ||   103
       Phantom mirror    |       |       |       |       |     1 |     7 |     6 |     2 |       ||    16
       Box of beasts     |       |       |       |       |       |     1 |     6 |     3 |     5 ||    15
       Condenser vane    |       |       |       |       |       |       |     8 |     5 |     5 ||    18
       Lightning rod     |       |       |       |       |       |       |       |     8 |       ||     8
       Phial of floods   |       |       |       |       |       |       |       |       |     4 ||     4
  Use: Scroll            |     6 |     9 |     8 |     7 |    14 |    10 |    13 |    10 |    10 ||    87
       Potion            |       |       |       |       |     5 |     3 |     9 |     5 |     6 ||    28
 Stab: Sleeping          |       |     2 |       |       |     2 |       |       |       |     1 ||     5
       Petrified         |       |       |       |     1 |       |       |       |       |       ||     1
       Distracted        |       |       |       |       |     2 |     2 |       |     1 |     7 ||    12
       Paralysed         |       |       |       |       |     1 |       |     2 |       |       ||     3
       Invisible         |       |       |       |       |       |       |     1 |       |       ||     1
Armor: Robe              |     6 |       |       |       |       |       |       |       |       ||     6
       Leather armour    |    11 |     6 |     9 |    29 |     8 |    22 |    55 |    37 |     1 ||   178
       Ring mail         |       |       |       |    21 |    89 |       |       |       |    49 ||   159
       Acid dragon scale |       |       |       |       |    28 |     7 |       |       |       ||    35
Dodge: Dodged            |    40 |    26 |    36 |   102 |   203 |   111 |   215 |   185 |   198 ||  1116
Block: Buckler           |       |       |     4 |    35 |    74 |       |       |       |       ||   113
       Kite shield       |       |       |       |       |    86 |    86 |   186 |   136 |   137 ||   631

Table legend: (Time is in decaauts)
 A = Elapsed time spent in this place.
 B = Non-inter-level travel time spent in this place.
 C = Inter-level travel time spent in this place.
 D = Time resting spent in this place.
 E = Time spent auto-exploring this place.
 F = Levels seen in this place.
 G = Mean time per level.
                   A        B        C        D        E       F      G
               +--------+--------+--------+--------+--------+-----+--------+
         Total | 134223 | 124164 |  10059 |  70169 |  36534 |  50 | 2684.5 |
       Dungeon |  29611 |  25861 |   3750 |  11547 |  10540 |  15 | 1974.1 |
        Temple |    210 |    127 |     83 |      0 |    111 |   1 |  210.0 |
          Lair |  12812 |  11526 |   1286 |   5281 |   4600 |   6 | 2135.3 |
         Swamp |  12414 |  12088 |    326 |   9073 |   2014 |   4 | 3103.5 |
     Snake Pit |  15942 |  15684 |    258 |  10569 |   3547 |   4 | 3985.5 |
  Orcish Mines |   4039 |   3302 |    737 |   1832 |    834 |   2 | 2019.5 |
   Elven Halls |   8642 |   8139 |    503 |   3777 |   2990 |   3 | 2880.7 |
        Vaults |  17746 |  16569 |   1177 |   9190 |   4720 |   5 | 3549.2 |
        Depths |  12514 |  11571 |    943 |   6670 |   3280 |   4 | 3128.5 |
           Zot |  17896 |  16904 |    992 |  10422 |   3567 |   5 | 3579.2 |
       Ossuary |   2392 |   2392 |      0 |   1804 |    329 |   1 | 2392.0 |
               +--------+--------+--------+--------+--------+-----+--------+

Top non-repeatable levels by time:
   Zot:5: 6920 daAuts
   Zot:4: 5354 daAuts
 Snake:3: 5354 daAuts
Vaults:1: 4974 daAuts
 Snake:4: 4902 daAuts
Vaults:5: 4275 daAuts
    D:15: 4219 daAuts
Depths:1: 3777 daAuts
     D:7: 3736 daAuts
  Lair:5: 3727 daAuts
 Swamp:4: 3656 daAuts
 Swamp:1: 3635 daAuts
 Snake:1: 3612 daAuts
   Elf:2: 3573 daAuts
Depths:4: 3425 daAuts
